 Dungeon Crawl Stone Soup version 0.29-a0-207-gf982a884d8 (webtiles) character file.

Game seed: 7191869308314746567

24 Zeldest the Shooter (level 3, -3/22 HPs)
             Began as a Tengu Hunter on Feb 23, 2022.
             Slain by a gnoll
             ... wielding a +0 halberd
              (4 damage)
             ... on level 2 of the Dungeon.
             The game lasted 00:00:38 (813 turns).

Zeldest the Shooter (Tengu Hunter)                   Turns: 813, Time: 00:00:39

Health: -3/22      AC:  6    Str: 12    XL:     3   Next: 2%
Magic:  4/4        EV:  9    Int: 11    God:
Gold:   92         SH:  0    Dex: 16    Spells: 2/2 levels left

rFire   . . .      SeeInvis .   a - +1 shortbow
rCold   . . .      Faith    .   (shield currently unavailable)
rNeg    . . .      Spirit   .   c - +0 scale mail
rPois   .          Reflect  .   (helmet restricted)
rElec   .          Harm     .   (no cloak)
rCorr   .          Rampage  .   (no gloves)
Will    .....                   (boots unavailable)
Stlth   ..........              (no amulet)
HPRegen 0.07/turn               (no ring)
MPRegen 0.09/turn               (no ring)

@: no status effects
A: beak, talons 3
a: no special abilities


You were on level 2 of the Dungeon.
You visited 1 branch of the dungeon, and saw 2 of its levels.

You collected 92 gold pieces.

Inventory:

Hand Weapons
 a - a +1 shortbow (weapon)
Armour
 c - a +0 scale mail (worn)
Scrolls
 b - a scroll of identify {unknown}
 d - 2 scrolls of fog {unknown}
 e - a scroll of magic mapping {unknown}
 g - a scroll of silence {unknown}
 h - a scroll of acquirement {unknown}
 i - a scroll of torment {unknown}
Potions
 f - a potion of flight {unknown}
 j - a potion of attraction {unknown}


   Skills:
 + Level 2.5 Fighting
 + Level 4.7 Bows
 + Level 2.8 Dodging
 - Level 1.0 Stealth


You had 2 spell levels left.
You didn't know any spells.
Your spell library was empty.

Dungeon Overview and Level Annotations

Branches:
Dungeon (2/15)

Altars:


Innate Abilities, Weirdness & Mutations

You have a beak for a mouth.
You have claws for feet.


Message History

You hear a shout!
A gnoll comes into view. It is wielding a +0 halberd.
You hear a shout!
You shoot an arrow. The arrow hits the gnoll!
The gnoll is severely wounded.
You hear a shout!
There are monsters nearby!
You shoot an arrow. The arrow closely misses the gnoll.
The arrow hits the hobgoblin.
The hobgoblin is almost dead.
The gnoll hits you from afar with a +0 halberd.
The gnoll hits you from afar with a +0 halberd!
There are monsters nearby!
You are too injured to fight recklessly!
There are monsters nearby!
You are too injured to fight recklessly!
You are too injured to fight recklessly!
You are too injured to fight recklessly!
Shoot: a) +1 shortbow
Press: ? - help, Shift-Dir - straight line, f/p - gnoll
Aim: a gnoll, wielding a +0 halberd (severely wounded, 68% to hit)
You shoot an arrow. The arrow hits the gnoll.
The gnoll is almost dead.
The gnoll barely misses you.
Shoot: a) +1 shortbow
Press: ? - help, Shift-Dir - straight line, f/p - gnoll
Aim: a gnoll, wielding a +0 halberd (almost dead, 68% to hit)
You shoot an arrow. The arrow hits the gnoll.
The gnoll is almost dead.
The gnoll hits you from afar with a +0 halberd.
The gnoll hits you from afar with a +0 halberd!
* * * LOW HITPOINT WARNING * * *
Shoot: a) +1 shortbow
Press: ? - help, Shift-Dir - straight line, f/p - gnoll
Aim: a gnoll, wielding a +0 halberd (almost dead, 68% to hit)
You shoot an arrow. The arrow barely misses the gnoll.
The arrow hits the hobgoblin but does no damage.
The hobgoblin is almost dead.
The gnoll hits you from afar with a +0 halberd.
You die...

#########
#.......######
#.####.......#
#########.####..####.#
....gg.@.....#..####)#
.#..#####.##.........#
#.####..#.#..#
#.........#..#
######.......#
#..###.## #......#
##†##### #.#


You could see a gnoll and a hobgoblin.

Vanquished Creatures
  3 dart slugs (D:1)
  2 goblins
  A hobgoblin (D:1)
  A kobold (D:1)
  4 ball pythons
  4 bats (D:1)
  2 frilled lizards (D:1)
  2 rats (D:1)
19 creatures vanquished.

Notes
Turn   | Place    | Note
-------+----------+-------------------------------------------
     0 | D:1      | Zeldest the Tengu Hunter began the quest for the Orb.
     0 | D:1      | Reached XP level 1. HP: 12/12 MP: 2/2
   187 | D:1      | Reached XP level 2. HP: 17/17 MP: 3/3
   458 | D:1      | Found a faded altar of an unknown god.
   789 | D:2      | Reached XP level 3. HP: 22/22 MP: 4/4
   812 | D:2      | HP: 1/22 [gnoll/+0 halberd (10)]
   813 | D:2      | Slain by a gnoll

Illustrated notes

Levels and vault maps discovered:
D:1:      lightli_arrival_chessboard, layout_basic,
          shapermc_ecumenical_altar_flowoftime
D:2:      layout_loops_cross, feat_on_display, uniq_robin

Action                   || total
-------------------------++-------
 Fire: Shortbow          ||    55
Armor: Scale mail        ||    17
Dodge: Dodged            ||    15

Table legend: (Time is in decaauts)
 A = Elapsed time spent in this place.
 B = Non-inter-level travel time spent in this place.
 C = Inter-level travel time spent in this place.
 D = Time resting spent in this place.
 E = Time spent auto-exploring this place.
 F = Levels seen in this place.
 G = Mean time per level.
                   A        B        C        D        E       F      G
               +--------+--------+--------+--------+--------+-----+--------+
         Total |    840 |    822 |     18 |      0 |    684 |   2 |  420.0 |
       Dungeon |    840 |    822 |     18 |      0 |    684 |   2 |  420.0 |
               +--------+--------+--------+--------+--------+-----+--------+

Top non-repeatable levels by time:
     D:1: 737 daAuts
     D:2: 103 daAuts
